 Dungeon Crawl Stone Soup version 0.31-a0-164-g2312942fda (webtiles) character file.

Game seed: 16967356614272593630

218325 qw the Marksgargoyle (level 19, -11/132 HPs)
             Began as a Gargoyle Hunter on June 13, 2023.
             Was an Elder of Okawaru.
             Killed by a resonance strike
             ... invoked by Zenata
              (24 damage)
             ... on level 1 of the Vaults.
             The game lasted 00:14:37 (25649 turns).

qw the Marksgargoyle (Gargoyle Hunter)             Turns: 25649, Time: 00:14:38

Health: -11/132    AC: 29    Str: 26    XL:     19   Next: 11%
Magic:  26/26      EV: 41    Int:  7    God:    Okawaru [****..]
Gold:   3152       SH:  0    Dex: 37    Spells: 18/18 levels left

rFire   + . .        z - +3 longbow of Ventoept {freeze, rPois Will+ Str+5}
rCold   + . .        (shield currently unavailable)
rNeg    + . .        w - +2 leather armour "Geilash" {Str+4 Int-3 Dex+9 Stlth+}
rPois   inf          N - +1 hat "Townamai" {Dex+3}
rElec   +            M - scarf {rC+ rF+}
rCorr   .            G - +2 pair of gloves
SInv    +            h - +2 pair of boots
Will    ++...        f - amulet of Vitality {RegenMP++ Regen++}
Stlth   +++++        B - ring of see invisible
HPRegen 2.02/turn    r - +6 ring of dexterity
MPRegen 1.00/turn

%: no passive effects
@: about to teleport, heroic, flying
A: sickness immunity, AC +14, big wings, negative energy resistance 1,
electricity resistance, torment resistance 1, petrification resistance
}: 1/15 runes: gossamer
a: Renounce Religion, Heroism, Finesse


You were on level 1 of the Vaults.
You worshipped Okawaru.
Okawaru was greatly pleased with you.
You visited 7 branches of the dungeon, and saw 32 of its levels.
You also visited: Sewer and Ossuary.

You collected 3344 gold pieces.
You spent 192 gold pieces at shops.


Innate Abilities, Weirdness & Mutations

You are immune to sickness and miasma.
Your stone body is resilient. (AC +14)
You are immune to poison.
Your large and strong wings let you fly.
You resist negative energy. (rN+)
You are resistant to electric shocks. (rElec)
You are resistant to unholy torment.
You are immune to petrification.


   Skills:
 - Level 19.0(24.0) Fighting
 - Level 20.0(25.0) Ranged Weapons
 - Level 10.0(15.0) Armour
 + Level 15.6(20.6) Dodging
 - Level 1.1(6.1) Stealth
 - Level 10.0 Invocations


You had 18 spell levels left.
You didn't know any spells.
Your spell library was empty.

Inventory:

Hand Weapons
 z - the +3 longbow of Ventoept (weapon) {freeze, rPois Will+ Str+5}
   (You acquired it on level 10 of the Dungeon)

   Str:       It affects your strength (+5).
   rPois:     It protects you from poison.
   Will:      It increases your willpower.
 D - the +5 orcbow "Cesutaakk" {drain, Fragile rF++ rC+++ Stlth+}
   (Okawaru gifted it to you on level 1 of the Orcish Mines)

   rF:        It greatly protects you from fire.
   rC:        It renders you almost immune to cold.
   Fragile:   It will be destroyed if unequipped.
   Stlth:     It makes you more stealthy.
 F - a +2 arbalest of freezing
Armour
 e - a +2 cloak
 h - a +2 pair of boots (worn)
 t - +0 acid dragon scales
 w - the +2 leather armour "Geilash" (worn) {Str+4 Int-3 Dex+9 Stlth+}
   (You found it on level 9 of the Dungeon)

   Str:       It affects your strength (+4).
   Int:       It affects your intelligence (-3).
   Dex:       It affects your dexterity (+9).
   Stlth:     It makes you more stealthy.
 E - a +2 robe of resistance
 G - a +2 pair of gloves (worn)
 H - the +2 robe "Menayz" {rElec rF+++ Str-2 Int-5}
   (You found it on level 3 of the Swamp)

   Str:       It affects your strength (-2).
   Int:       It affects your intelligence (-5).
   rF:        It renders you almost immune to fire.
   rElec:     It insulates you from electricity.
 K - the +2 hat of Patterns {*Slow rC- rCorr Str+9}
   (You found it on level 4 of the Spider Nest)

   Str:       It affects your strength (+9).
   rC:        It makes you vulnerable to cold.
   rCorr:     It protects you from acid and corrosion.
   *Slow:     It may slow you when you take damage.
 M - a scarf of resistance (worn)
 N - the +1 hat "Townamai" (worn) {Dex+3}
   (You found it on level 4 of the Spider Nest)

   Dex:       It affects your dexterity (+3).
Jewellery
 f - the amulet of Vitality (around neck) {RegenMP++ Regen++}
   (You found it on level 12 of the Dungeon)

   [amulet of magic regeneration]

   It increases your rate of magic regeneration.
   Regen:     It increases your rate of health regeneration.
 g - a ring of protection from fire
 r - a +6 ring of dexterity (right hand)
 u - a ring of protection from cold
 A - a ring of positive energy
 B - a ring of see invisible (left hand)
 I - the brooch of Shielding {Spirit SH+8}
   (You found it on level 4 of the Spider Nest)

   [amulet of guardian spirit]

   It causes incoming damage to be divided between your reserves of health and
   magic.
   SH:        It affects your SH (+8).
Wands
 p - a wand of digging (2)
Scrolls
 a - 20 scrolls of identify
 j - 3 scrolls of enchant weapon
 q - 2 scrolls of brand weapon
 y - 6 scrolls of teleportation
Potions
 b - 5 potions of lignification
 c - 4 potions of magic
 d - 4 potions of haste
 i - 16 potions of curing
 k - 8 potions of mutation
 l - 2 potions of cancellation
 m - 7 potions of heal wounds
 n - 5 potions of might
 v - 2 potions of resistance
 x - 2 potions of attraction

Dungeon Overview and Level Annotations

Branches:
Dungeon (15/15)            Temple (1/1) D:6            Lair (5/5) D:11
  Swamp (4/4) Lair:3       Spider (4/4) Lair:2        Slime (0/5) Lair:4
    Orc (2/2) D:11            Elf (0/3) Orc:2        Vaults (1/5) D:13
 Depths (0/4) D:15          Sewer (visited)         Ossuary (visited)

Altars:
Ashenzari
Cheibriados
Dithmenos
Elyvilon
Fedhas
Gozag
Hepliaklqana
Kikubaaqudgha
Makhleb
Nemelex Xobeh
Okawaru
Qazlal
Ru
Sif Muna
Trog
Uskayaw
Vehumet
Wu Jian
Xom
Yredelemnul
Zin
The Shining One
Jiyva

Shops:
D:1 !::=*   D:3 (   D:6 :   Orc:1 *   Orc:2 [::[

Portals:
Trove: D:12 (give +2 gold dragon scales)

Annotations:
D:9 2 transporters, qw's ghost, novice NaHu
D:12 3 runed translucent doors
D:14 3 runed translucent doors, Sagy's ghost, journeyman GrFi
Lair:2 3 runed translucent doors, qw's ghost, journeyman MiHu
Lair:5 2 runed translucent doors
Vaults:1 Zenata


Message History

The arrow hits the +4 flail of protection but does no damage.
The +4 flail of protection is moderately damaged.
The +4 flail of protection completely misses you.
The +2 heavy flail closely misses you.
The +1 trident of pain hits you from afar.
The +4 flail of protection completely misses you.
The +1 trident of pain misses you.
You shoot an arrow.
The arrow hits the +4 flail of protection!!
The arrow freezes the +4 flail of protection.
You destroy the +4 flail of protection!
The +4 flail of protection disappears in a puff of smoke!
The +2 heavy flail completely misses you.
The +1 trident of pain completely misses you.
The +5 long sword of holy wrath misses you.
You shoot an arrow.
The arrow hits the +5 long sword of holy wrath but does no damage.
The +3 mace of venom completely misses you.
The +5 long sword of holy wrath misses you.
The +2 heavy flail hits you but does no damage.
The +1 trident of pain hits you from afar!
Zenata points at you and mumbles some strange words.
A blast of power from the earth and the adjacent constructs strikes you!
The +3 mace of venom misses you.
The +5 long sword of holy wrath hits you.
The +1 trident of pain completely misses you.
25649 ||| READING 7 scrolls of teleportation.
As you read the scroll of teleportation, it crumbles to dust.
You feel strangely unstable.
The +2 heavy flail hits you but does no damage.
The +3 mace of venom hits you but does no damage.
The +5 long sword of holy wrath closely misses you.
The +1 trident of pain completely misses you.
The +2 heavy flail barely misses you.
The +3 mace of venom hits you but does no damage.
The +5 long sword of holy wrath closely misses you.
The +1 trident of pain hits you but does no damage.
Zenata gestures at you while chanting.
A blast of power from the earth and the adjacent constructs strikes you!
You die...

#.............
#.............
#.............
#.............
#.............
#.....a.......
#.....((.(....
#....((# ####
#....(@#.....
####
#......#.....
#...
#......'......
#...
#......#......
#...
#......#......
#... #......#
..... #...
#......#######
+...
#..........
#...
#..........
#...


You could see Zenata and 5 dancing weapons.

Vanquished Creatures
  Bai Suzhen (Swamp:3)
  the Lernaean hydra (Swamp:4)
  Nikola (Vaults:1)
  Arachne (Spider:3)
  Rupert (Lair:4)
  A tentacled monstrosity (Swamp:1)
  Frances (D:13)
  Roxanne (Spider:4)
  A fenstrider witch (Swamp:1)
  2 ghost moths
  Louise (Spider:4)
  A vault warden (Vaults:1)
  8 emperor scorpions
  3 broodmothers (Spider:4)
  3 eleionomae
  Nessos (D:15)
  3 bunyips
  2 spark wasps
  A fire dragon (D:12)
  3 entropy weavers
  Josephine (D:12)
  A great orb of eyes (D:12)
  4 vault guards (D:13)
  2 spriggan skeletons (D:15)
  An ironbound frostheart (Vaults:1)
  2 jorogumos
  A spriggan air mage (Swamp:3)
  Erolcha (D:13)
  2 radroaches
  7 centaur warriors
  A catoblepas (Lair:5)
  22 hydras
  6 boulder beetles
  7 alligators
  9 two-headed ogres
  2 spriggan berserkers (Swamp:3)
  2 tengu warriors
  6 orc high priests (Orc:2)
  9 demonic crawlers
  18 spriggans
  A deep elf knight (D:13)
  Sonja (D:12)
  Nergalle (Lair:3)
  2 skeletal warriors
  6 spriggan druids
  6 pharaoh ants
  2 deep trolls (D:12)
  2 sun moths (Spider:4)
  16 bog bodies
  5 goliath frogs
  An ironbound convoker (Vaults:1)
  7 swamp dragons
  A golden dragon zombie (D:15)
  Pikel (D:7)
  4 steelbarb worms
  A wizard (D:13)
  8 orb spiders
  A phantasmal warrior (D:15)
  A lindwurm (Lair:5)
  A necromancer (D:15)
  An oklob plant (D:7)
  5 orc sorcerers
  2 deep elf pyromancers (D:12)
  3 orc knights
  8 manticores
  21 wolf spiders
  6 cyclopes
  3 will-o-the-wisps
  6 moths of wrath
  7 ugly things
  13 elephants
  A stone giant skeleton (D:15)
  A torpor snail (Spider:3)
  3 molten gargoyles (Lair:5)
  14 cane toads
  3 gargoyles
  7 black mambas
  2 unseen horrors
  6 rime drakes
  12 komodo dragons
  A freezing wraith (D:14)
  2 tengu conjurers
  9 yaktaurs
  A guardian mummy (D:15)
  A polar bear (shapeshifter) (D:15)
  8 trolls
  29 tarantellas
  A queen bee (Spider:1)
  4 polar bears
  6 meliai
  11 tyrant leeches
  15 hornets
  2 bloated husks (Swamp:2)
  11 blink frogs
  A wolf spider simulacrum (D:15)
  7 dream sheep (Lair:5)
  21 culicivoras
  A centaur simulacrum (D:13)
  A slime creature (D:12)
  17 jumping spiders
  A culicivora (shapeshifter) (D:14)
  A shadow (D:11)
  6 wraiths
  2 wyverns (Lair:5)
  49 yaks
  11 basilisks
  48 redbacks
  A human (D:13)
  A redback simulacrum (D:15)
  2 steam dragons
  7 wargs
  15 water moccasins
  2 acid dragons
  15 swamp worms
  3 hell hounds (Lair:5)
  A hornet zombie (Ossuary)
  2 sky beasts
  6 black bears
  7 swamp drakes
  18 orc warriors
  4 ice beasts
  21 wolves
  8 centaurs
  7 ogres
  4 lemures (D:7)
  A phantom (D:5)
  16 bullfrogs
  Blork the orc (D:5)
  2 gnoll sergeants
  4 scorpions
  A water moccasin zombie (Ossuary)
  21 killer bees (Spider:1)
  5 howler monkeys
  4 electric eels
  5 lava snakes (Lair:5)
  5 centaur zombies (Ossuary)
  4 bullfrog zombies (Ossuary)
  2 hounds (D:5)
  36 orc priests
  8 jellies
  A gnoll bouda (D:8)
  A sleepcap (D:5)
  19 orc wizards
  4 killer bee zombies (Ossuary)
  8 mummies (Ossuary)
  A howler monkey zombie (Ossuary)
  4 adders
  12 gnolls
  5 river rats (Sewer)
  An ufetubus (D:5)
  2 worms
  A dart slug (D:4)
  100 orcs
  22 endoplasms
  6 giant cockroaches
  8 goblins
  7 hobgoblins
  4 jackals (D:1)
  3 quokkas
  9 ball pythons
  2 bats
  5 frilled lizards
  14 kobolds
  17 rats
1095 creatures vanquished.

Vanquished Creatures (others)
  A demonic crawler (Spider:2)
  A bog body (Swamp:4)
  A bloated husk (Swamp:2)
  A redback (Spider:4)
4 creatures vanquished.

Grand Total: 1099 creatures vanquished

Notes
Turn   | Place    | Note
-------+----------+-------------------------------------------
     0 | D:1      | qw the Gargoyle Hunter began the quest for the Orb.
     0 | D:1      | Reached XP level 1. HP: 12/12 MP: 1/1
     0 | D:1      | 0 ||| qw: Version: 0.2-a-29-gc1b59c4
     0 | D:1      | 0 ||| qw: Game counter: 4470
     0 | D:1      | 0 ||| qw: Always use a shield: true
     0 | D:1      | 0 ||| qw: God list: Okawaru
     0 | D:1      | 0 ||| qw: Allow faded altars: false
     0 | D:1      | 0 ||| qw: Do Orc after D:15 true
     0 | D:1      | 0 ||| qw: Do second Lair branch before Depths: true
     0 | D:1      | 0 ||| qw: Lair rune preference: random
     0 | D:1      | 0 ||| qw: Plans: Normal, Zot:1-4, Slime:5, God:TSO, Crypt,
                  | Tomb, Abyss, Pan, Hells, Win
     0 | D:1      | 0 ||| PLANNING D:1-11
   192 | D:1      | Found Betweix's Jewellery Shop.
   212 | D:1      | Reached XP level 2. HP: 13/17 MP: 2/2
   256 | D:1      | 256 ||| SHOPLISTING +6 ring of strength (396 gold, have
                  | 23).
   256 | D:1      | 256 ||| SHOPLISTING amulet of Ziptocsipto {rF+ Will- Regen+
                  | Str+2 Int+4} (576 gold, have 23).
   256 | D:1      | 256 ||| SHOPLISTING amulet of faith (440 gold, have 23).
   256 | D:1      | 256 ||| SHOPLISTING ring of resist corrosion (220 gold,
                  | have 23).
   256 | D:1      | 256 ||| SHOPLISTING ring of see invisible (165 gold, have
                  | 23).
   256 | D:1      | 256 ||| SHOPLISTING ring of willpower (275 gold, have 23).
   332 | D:1      | Found Qamereus's Book Emporium.
   406 | D:1      | Found Pisokopn's Distillery.
   409 | D:1      | 409 ||| BUYING potion of curing (36 gold).
   409 | D:1      | Bought a potion of curing for 36 gold pieces
   409 | D:1      | 409 ||| SHOPLISTING potion of heal wounds (60 gold, have
                  | 13).
   409 | D:1      | 409 ||| SHOPLISTING potion of lignification (36 gold, have
                  | 13).
   409 | D:1      | 409 ||| SHOPLISTING potion of mutation (96 gold, have 13).
   548 | D:1      | Found a faded altar of an unknown god.
   570 | D:1      | Reached XP level 3. HP: 21/21 MP: 3/3
   572 | D:1      | Found Gaovi's Book Boutique.
   641 | D:1      | Found Gehakken's Assorted Antiques.
   644 | D:1      | Reached skill level 5 in Ranged Weapons
   647 | D:1      | 647 ||| SHOPLISTING glowing robe (77 gold, have 50).
   647 | D:1      | 647 ||| SHOPLISTING golden ring (105 gold, have 50).
   647 | D:1      | 647 ||| SHOPLISTING knobbly opal ring (105 gold, have 50).
   647 | D:1      | 647 ||| BUYING scroll labelled ZUVODA RUOQOR (21 gold).
   647 | D:1      | Bought a scroll labelled ZUVODA RUOQOR for 21 gold pieces
   849 | D:1      | 849 ||| UPGRADING to +0 ring mail.
   859 | D:1      | 859 ||| DROPPING +0 leather armour.
   860 | D:1      | 860 ||| READING 2 scrolls labelled ZUVODA RUOQOR.
   861 | D:1      | 861 ||| READING scroll labelled PUOCOS LIVIKH.
   862 | D:1      | 862 ||| READING scroll labelled LOSIRI KAMNIHO.
   877 | D:1      | 877 ||| READING scroll labelled ENUUKHOCSA.
   878 | D:1      | 878 ||| READING 2 scrolls labelled QUPOG WIJOEKLO.
   879 | D:1      | 879 ||| DROPPING scroll of butterflies.
   931 | D:2      | 931 ||| STAIRDANCE
  1051 | D:2      | Reached skill level 1 in Armour
  1445 | D:2      | 1445 ||| READING scroll labelled KAGHILA AHYM.
  1446 | D:2      | 1446 ||| READING scroll labelled GUHEMME BEOR.
  1730 | D:3      | Reached XP level 4. HP: 27/27 MP: 4/4
  1730 | D:3      | Found a radiant altar of Vehumet.
  1767 | D:3      | Found a white marble altar of Elyvilon.
  1810 | D:3      | Reached skill level 3 in Fighting
  2024 | D:3      | Found Geutt's Antique Weapon Shoppe.
  2033 | D:3      | 2033 ||| SHOPLISTING runed orcbow (130 gold, have 127).
  2100 | D:3      | Noticed a +0 hand axe
  2100 | D:3      | Noticed a +0 hand axe
  2149 | D:3      | Found a hide-covered altar of Uskayaw.
  2561 | D:3      | 2561 ||| READING scroll labelled UCRETA OVUL.
  2566 | D:3      | 2566 ||| READING scroll labelled MIOTRE GYORHOA.
  2567 | D:3      | 2567 ||| DRINKING 3 bubbling sapphire potions.
  2610 | D:4      | Reached XP level 5. HP: 32/32 MP: 5/5
  2625 | D:4      | 2625 ||| READING scroll of enchant weapon.
  2625 | D:4      | 2625 ||| ENCHANTING +1 shortbow.
  2680 | D:4      | 2680 ||| FLEEEEING.
  2686 | D:4      | 2686 ||| FLEEEEING.
  2688 | D:4      | 2688 ||| FLEEEEING.
  2689 | D:4      | 2689 ||| FLEEEEING.
  2690 | D:4      | 2690 ||| FLEEEEING.
  2695 | D:4      | 2695 ||| FLEEEEING.
  2696 | D:4      | 2696 ||| FLEEEEING.
  2697 | D:4      | 2697 ||| FLEEEEING.
  2698 | D:4      | 2698 ||| STAIRDANCE
  2720 | D:3      | 2720 ||| READING scroll labelled FUGOF JEUFYLAB.
  2721 | D:3      | 2721 ||| READING 2 scrolls of identify.
  2721 | D:3      | 2721 ||| IDENTIFYING viscous yellow potion
  2729 | D:4      | Reached skill level 6 in Ranged Weapons
  3258 | D:5      | Entered Level 5 of the Dungeon
  3259 | D:5      | 3259 ||| PLANNING SEWER
  3290 | D:5      | Found a bloodstained altar of Trog.
  3297 | D:5      | 3297 ||| READING scroll of enchant weapon.
  3297 | D:5      | 3297 ||| ENCHANTING +2 shortbow.
  3372 | D:5      | Reached XP level 6. HP: 38/38 MP: 6/6
  3420 | D:5      | Noticed an ice beast
  3433 | D:5      | Killed an ice beast
  3451 | D:5      | Noticed a black bear
  3456 | D:5      | Killed a black bear
  3457 | D:5      | Reached skill level 7 in Ranged Weapons
  3457 | D:5      | Reached XP level 7. HP: 43/43 MP: 7/7
  3510 | D:5      | Noticed Blork the orc
  3515 | D:5      | Killed Blork the orc
  3516 | D:5      | Reached skill level 8 in Ranged Weapons
  3749 | D:5      | 3749 ||| READING scroll of enchant weapon.
  3749 | D:5      | 3749 ||| ENCHANTING +3 shortbow.
  3841 | D:5      | Found a glowing drain.
  3842 | D:5      | 3842 ||| UPGRADING to +0 cloak.
  3847 | D:5      | 3847 ||| READING 3 scrolls of enchant armour.
  3847 | D:5      | 3847 ||| ENCHANTING +0 cloak.
  3848 | D:5      | 3848 ||| READING 2 scrolls of enchant armour.
  3848 | D:5      | 3848 ||| ENCHANTING +1 cloak.
  3849 | D:5      | 3849 ||| UPGRADING to ring of protection from fire.
  3850 | D:5      | 3850 ||| READING 2 scrolls labelled CUTONO NIXE.
  3851 | D:5      | 3851 ||| READING scroll labelled QUGILA XUTEEWODAP.
  3852 | D:5      | 3852 ||| READING 3 scrolls of identify.
  3852 | D:5      | 3852 ||| IDENTIFYING bubbling grey potion
  3853 | D:5      | 3853 ||| READING 2 scrolls of identify.
  3853 | D:5      | 3853 ||| IDENTIFYING pink potion
  3854 | D:5      | 3854 ||| DROPPING scroll of fog.
  3855 | D:5      | 3855 ||| DROPPING potion of degeneration.
  3864 | Sewer    | Entered a sewer
  3924 | Sewer    | 3924 ||| Stepping ~*~*~tactically~*~*~ (water).
  4017 | Sewer    | 4017 ||| Stepping ~*~*~tactically~*~*~ (water).
  4023 | Sewer    | 4023 ||| Stepping ~*~*~tactically~*~*~ (water).
  4132 | Sewer    | 4132 ||| Stepping ~*~*~tactically~*~*~ (outnumbered).
  4338 | Sewer    | 4338 ||| UPGRADING to +0 pair of boots.
  4343 | Sewer    | 4343 ||| READING scroll of enchant armour.
  4343 | Sewer    | 4343 ||| ENCHANTING +0 pair of boots.
  4344 | Sewer    | 4344 ||| DRINKING 3 red potions.
  4345 | Sewer    | 4345 ||| DRINKING 2 bubbling silvery potions.
  4381 | D:5      | 4381 ||| PLANNING D:1-11
  4398 | D:6      | 4398 ||| PLANNING OSSUARY
  4399 | D:6      | Found a sand-covered staircase.
  4414 | D:6      | Reached XP level 8. HP: 49/49 MP: 8/8
  4415 | Ossuary  | Entered an ossuary
  4472 | Ossuary  | 4472 ||| FLEEEEING.
  4473 | Ossuary  | 4473 ||| FLEEEEING.
  4539 | Ossuary  | Reached skill level 9 in Ranged Weapons
  4584 | Ossuary  | 4584 ||| FLEEEEING.
  4608 | Ossuary  | Reached skill level 6 in Fighting
  4848 | Ossuary  | 4848 ||| Stepping ~*~*~tactically~*~*~ (water).
  4850 | Ossuary  | 4850 ||| Stepping ~*~*~tactically~*~*~ (water).
  4852 | Ossuary  | 4852 ||| Stepping ~*~*~tactically~*~*~ (water).
  4946 | Ossuary  | 4946 ||| UPGRADING to +6 ring of dexterity.
  4947 | Ossuary  | 4947 ||| READING scroll labelled RARYEH QEYREMNYMOM.
  4947 | Ossuary  | Identified a scroll of acquirement
  4947 | Ossuary  | 4947 ||| ACQUIRING +2 arbalest "Dragon's Tongue" {elec,
                  | Dex+5}
  4947 | Ossuary  | Acquired the +2 arbalest "Dragon's Tongue" {elec, Dex+5}
  4949 | Ossuary  | 4949 ||| SWAPPING to +2 arbalest "Dragon's Tongue" {elec,
                  | Dex+5}.
  4950 | Ossuary  | 4950 ||| READING scroll labelled LUKUYT ULIOC.
  4951 | Ossuary  | 4951 ||| DRINKING 2 puce potions.
  4952 | Ossuary  | 4952 ||| DRINKING 4 fizzy orange potions.
  4953 | Ossuary  | 4953 ||| READING 6 scrolls of identify.
  4953 | Ossuary  | 4953 ||| IDENTIFYING brown potion
  4954 | Ossuary  | 4954 ||| READING 5 scrolls of identify.
  4954 | Ossuary  | 4954 ||| IDENTIFYING white potion
  4955 | Ossuary  | 4955 ||| READING 4 scrolls of identify.
  4955 | Ossuary  | 4955 ||| IDENTIFYING dark potion
  4956 | Ossuary  | 4956 ||| DROPPING potion of brilliance.
  4957 | Ossuary  | 4957 ||| DROPPING potion of ambrosia.
  4958 | Ossuary  | 4958 ||| DROPPING potion of enlightenment.
  4970 | D:6      | 4970 ||| PLANNING D:1-11
  4985 | D:6      | Reached skill level 3 in Dodging
  5052 | D:6      | Found a staircase to the Ecumenical Temple.
  5053 | D:6      | 5053 ||| PLANNING TEMPLE
  5054 | D:6      | Reached XP level 9. HP: 56/56 MP: 9/9
  5064 | Temple   | Entered the Ecumenical Temple
  5065 | Temple   | 5065 ||| PLANNING OKAWARU WORSHIP
  5069 | Temple   | Became a worshipper of Warmaster Okawaru
  5069 | Temple   | 5069 ||| PLANNING D:1-11
  5215 | D:6      | Found Vayczim's Vocational Training.
  5228 | D:6      | Reached skill level 10 in Ranged Weapons
  5416 | D:6      | Reached skill level 3 in Armour
  5472 | D:6      | 5472 ||| UPGRADING to +0 helmet.
  5477 | D:6      | 5477 ||| READING scroll labelled JIYSMO XAKHLA.
  5515 | D:7      | Reached * piety under Okawaru
  5552 | D:7      | Reached skill level 1 in Invocations
  5602 | D:7      | Found a shadowy altar of Dithmenos.
  5738 | D:7      | 5738 ||| INVOKING Heroism.
  5787 | D:7      | Noticed Pikel
  5788 | D:7      | 5788 ||| INVOKING Heroism.
  5799 | D:7      | Killed Pikel
  5809 | D:7      | Found a flagged portal.
  5895 | D:7      | 5895 ||| INVOKING Heroism.
  5901 | D:7      | Reached skill level 3 in Invocations
  6038 | D:7      | Noticed an oklob plant
  6039 | D:7      | 6039 ||| INVOKING Heroism.
  6054 | D:7      | Reached XP level 10. HP: 64/64 MP: 12/12
  6061 | D:7      | 6061 ||| INVOKING Heroism.
  6064 | D:7      | Killed an oklob plant
  6064 | D:7      | Reached ** piety under Okawaru
  6449 | D:8      | 6449 ||| INVOKING Heroism.
  6578 | D:8      | 6578 ||| INVOKING Heroism.
  6580 | D:8      | HP: 15/64 [ice beast (11)]
  6580 | D:8      | HP: 5/64 [acid dragon/splash of acid (10)]
  6581 | D:8      | 6581 ||| DRINKING 4 potions of heal wounds.
  6583 | D:8      | Reached skill level 11 in Ranged Weapons
  6601 | D:8      | 6601 ||| FLEEEEING.
  6610 | D:8      | 6610 ||| STAIRDANCE
  6719 | D:7      | 6719 ||| UPGRADING to +0 acid dragon scales.
  6729 | D:7      | 6729 ||| DROPPING +0 ring mail.
  6788 | D:8      | 6788 ||| INVOKING Heroism.
  6796 | D:8      | 6796 ||| DRINKING 8 potions of curing.
  6796 | D:8      | 6796 ||| (to cure confusion)
  6917 | D:8      | Noticed a two-headed ogre
  6918 | D:8      | 6918 ||| INVOKING Heroism.
  6923 | D:8      | Killed a two-headed ogre
  7011 | D:8      | Found a burning altar of Makhleb.
  7194 | D:8      | Found a hazy altar of Hepliaklqana.
  7202 | D:8      | 7202 ||| READING scroll labelled QOSUOTWU RIME.
  7239 | D:9      | Found a glowing silver altar of Zin.
  7330 | D:9      | 7330 ||| INVOKING Heroism.
  7395 | D:9      | Found an opulent altar of Gozag.
  7396 | D:9      | 7396 ||| DROPPING +4 shortbow.
  7438 | D:9      | Noticed a two-headed ogre
  7439 | D:9      | 7439 ||| INVOKING Heroism.
  7442 | D:9      | Killed a two-headed ogre
  7443 | D:9      | Reached skill level 12 in Ranged Weapons
  7494 | D:9      | 7494 ||| INVOKING Heroism.
  7497 | D:9      | 7497 ||| Stepping ~*~*~tactically~*~*~ (outnumbered).
  7595 | D:9      | Reached *** piety under Okawaru
  7607 | D:9      | Reached XP level 11. HP: 69/69 MP: 14/14
  7623 | D:9      | Identified the +7 long sword of Saltpetre {elec, *Rage
                  | rElec Dex+5 SInv}
  7641 | D:9      | 7641 ||| INVOKING Heroism.
  7667 | D:9      | Found a glowing golden altar of the Shining One.
  7667 | D:9      | Found a snail-covered altar of Cheibriados.
  7668 | D:9      | Identified the +2 leather armour "Geilash" {Str+4 Int-3
                  | Dex+9 Stlth+}
  7720 | D:9      | Found a transporter.
  7723 | D:9      | Noticed an ice dragon
  7724 | D:9      | Noticed qw's ghost (novice NaHu)
  7724 | D:9      | Noticed a moth of wrath
  7739 | D:9      | Found a transporter.
  7774 | D:9      | 7774 ||| UPGRADING to +0 troll leather armour.
  7784 | D:9      | 7784 ||| UPGRADING to +2 leather armour "Geilash" {Str+4
                  | Int-3 Dex+9 Stlth+}.
  7794 | D:9      | 7794 ||| DROPPING +0 troll leather armour.
  7813 | D:10     | Entered Level 10 of the Dungeon
  7921 | D:10     | 7921 ||| DRINKING 2 bubbling puce potions.
  8045 | D:10     | 8045 ||| READING 8 scrolls of identify.
  8045 | D:10     | 8045 ||| IDENTIFYING murky dark potion
  8165 | D:10     | Noticed a two-headed ogre
  8166 | D:10     | 8166 ||| INVOKING Heroism.
  8170 | D:10     | Killed a two-headed ogre
  8171 | D:10     | Reached skill level 6 in Dodging
  8226 | D:10     | Noticed a two-headed ogre
  8227 | D:10     | 8227 ||| INVOKING Heroism.
  8229 | D:10     | Killed a two-headed ogre
  8277 | D:9      | Found a sacrificial altar of Ru.
  8486 | D:10     | 8486 ||| READING scroll of acquirement.
  8486 | D:10     | 8486 ||| ACQUIRING +3 longbow of Ventoept {freeze, rPois
                  | Will+ Str+5}
  8486 | D:10     | Acquired the +3 longbow of Ventoept {freeze, rPois Will+
                  | Str+5}
  8488 | D:10     | 8488 ||| SWAPPING to +3 longbow of Ventoept {freeze, rPois
                  | Will+ Str+5}.
  8489 | D:10     | 8489 ||| DROPPING +2 arbalest "Dragon's Tongue" {elec,
                  | Dex+5}.
  8635 | D:11     | 8635 ||| INVOKING Heroism.
  8642 | D:11     | Reached skill level 13 in Ranged Weapons
  8665 | D:11     | 8665 ||| INVOKING Heroism.
  8696 | D:11     | Reached skill level 9 in Fighting
  8717 | D:11     | 8717 ||| INVOKING Heroism.
  8727 | D:11     | Noticed a boulder beetle
  8731 | D:11     | Killed a boulder beetle
  8731 | D:11     | Reached **** piety under Okawaru
  8740 | D:11     | Found a staircase to the Orcish Mines.
  8753 | D:11     | Received a gift from Okawaru
  8775 | D:11     | Noticed a brown ugly thing
  8782 | D:11     | Killed a brown ugly thing
  8898 | D:11     | Noticed a two-headed ogre
  8899 | D:11     | 8899 ||| INVOKING Heroism.
  8901 | D:11     | Killed a two-headed ogre
  8962 | D:11     | 8962 ||| INVOKING Heroism.
  8979 | D:11     | 8979 ||| DROPPING scarf of harm.
  9007 | D:11     | Reached skill level 6 in Invocations
  9009 | D:11     | Found a staircase to the Lair.
  9162 | D:11     | Noticed a tengu warrior
  9162 | D:11     | Noticed a phantasmal warrior
  9164 | D:11     | Noticed a white ugly thing
  9166 | D:11     | Noticed a skeletal warrior
  9167 | D:11     | Noticed a centaur warrior
  9168 | D:11     | Noticed a death knight
  9193 | D:11     | Noticed a two-headed ogre
  9194 | D:11     | 9194 ||| INVOKING Heroism.
  9197 | D:11     | Killed a two-headed ogre
  9197 | D:11     | Received a gift from Okawaru
  9198 | D:11     | Reached XP level 12. HP: 76/76 MP: 13/16
  9267 | D:11     | 9267 ||| READING 2 scrolls of enchant armour.
  9267 | D:11     | 9267 ||| ENCHANTING +0 helmet.
  9268 | D:11     | 9268 ||| READING scroll of enchant armour.
  9268 | D:11     | 9268 ||| ENCHANTING +1 helmet.
  9615 | D:11     | 9615 ||| PLANNING LAIR
  9647 | Lair:1   | Entered Level 1 of the Lair of Beasts
  9657 | Lair:1   | 9657 ||| INVOKING Heroism.
  9733 | Lair:1   | Reached skill level 14 in Ranged Weapons
  9923 | Lair:1   | 9923 ||| INVOKING Heroism.
  9929 | Lair:1   | 9929 ||| Stepping ~*~*~tactically~*~*~ (outnumbered).
  9934 | Lair:1   | 9934 ||| Stepping ~*~*~tactically~*~*~ (outnumbered).
  9950 | Lair:1   | Reached ***** piety under Okawaru
 10020 | Lair:1   | 10020 ||| INVOKING Heroism.
 10118 | Lair:1   | 10118 ||| INVOKING Heroism.
 10126 | Lair:1   | Reached skill level 9 in Invocations
 10185 | Lair:1   | Noticed an eight-headed hydra
 10186 | Lair:1   | 10186 ||| INVOKING Heroism.
 10191 | Lair:1   | Killed an eight-headed hydra
 10558 | Lair:1   | Noticed a six-headed hydra
 10561 | Lair:1   | 10561 ||| INVOKING Heroism.
 10566 | Lair:1   | 10566 ||| INVOKING Finesse.
 10571 | Lair:1   | Killed a six-headed hydra
 10800 | Lair:2   | 10800 ||| INVOKING Heroism.
 10812 | Lair:2   | Reached XP level 13. HP: 77/82 MP: 18/20
 10817 | Lair:2   | Reached skill level 15 in Ranged Weapons
 11311 | Lair:2   | Noticed qw's ghost (journeyman MiHu)
 11349 | Lair:2   | Found a hole to the Spider Nest.
 11350 | Lair:2   | 11350 ||| INVOKING Finesse.
 11429 | Lair:2   | Found a runed translucent gate.
 11429 | Lair:2   | Found a runed translucent gate.
 11429 | Lair:2   | Found a runed translucent gate.
 11434 | Lair:2   | Noticed a minotaur
 11652 | Lair:2   | 11652 ||| DRINKING 2 metallic green potions.
 11756 | Lair:2   | 11756 ||| DROPPING potion of berserk rage.
 11786 | Lair:3   | Received a gift from Okawaru
 11846 | Lair:3   | 11846 ||| READING scroll of enchant armour.
 11846 | Lair:3   | 11846 ||| ENCHANTING +1 pair of boots.
 11884 | Lair:3   | Found a dark tunnel.
 11957 | Lair:3   | 11957 ||| INVOKING Heroism.
 12009 | Lair:3   | 12009 ||| INVOKING Heroism.
 12110 | Lair:3   | 12110 ||| INVOKING Heroism.
 12111 | Lair:3   | 12111 ||| INVOKING Finesse.
 12170 | Lair:3   | 12170 ||| FLEEEEING.
 12171 | Lair:3   | 12171 ||| INVOKING Heroism.
 12181 | Lair:3   | Noticed Nergalle
 12195 | Lair:3   | HP: 16/82 [spectral orc warrior/+0 trident[Nergalle] (6)]
 12196 | Lair:3   | 12196 ||| READING 3 scrolls of teleportation.
 12197 | Lair:3   | 12197 ||| DRINKING 5 potions of heal wounds.
 12233 | Lair:3   | 12233 ||| INVOKING Heroism.
 12275 | Lair:3   | Killed Nergalle
 12276 | Lair:3   | Reached skill level 16 in Ranged Weapons
 12424 | Lair:3   | 12424 ||| INVOKING Heroism.
 12515 | Lair:3   | 12515 ||| INVOKING Heroism.
 12664 | Lair:3   | Received a gift from Okawaru
 12671 | Lair:3   | Found a staircase to the Swamp.
 12720 | Lair:3   | 12720 ||| UPGRADING to ring of see invisible.
 12724 | Lair:4   | Noticed Rupert
 12725 | Lair:4   | 12725 ||| INVOKING Heroism.
 12732 | Lair:4   | Killed Rupert
 12942 | Lair:4   | 12942 ||| INVOKING Heroism.
 13016 | Lair:4   | 13016 ||| INVOKING Heroism.
 13083 | Lair:4   | Found a staircase to the Slime Pits.
 13083 | Lair:4   | Found a viscous altar of Jiyva.
 13268 | Lair:4   | 13268 ||| INVOKING Heroism.
 13507 | Lair:4   | You fall into a shaft and drop 1 floor!
 13507 | Lair:5   | Entered Level 5 of the Lair of Beasts
 13531 | Lair:5   | 13531 ||| READING scroll labelled TONTEMNOPNA.
 13800 | Lair:5   | 13800 ||| INVOKING Heroism.
 13829 | Lair:5   | Reached skill level 17 in Ranged Weapons
 13829 | Lair:5   | Gained mutation: Your large and strong wings let you fly.
                  | [Gargoyle growth]
 13829 | Lair:5   | Reached XP level 14. HP: 90/90 MP: 21/21
 13873 | Lair:5   | 13873 ||| Stepping ~*~*~tactically~*~*~ (outnumbered).
 13875 | Lair:5   | 13875 ||| Stepping ~*~*~tactically~*~*~ (outnumbered).
 13921 | Lair:5   | 13921 ||| INVOKING Heroism.
 13922 | Lair:5   | 13922 ||| INVOKING Finesse.
 14007 | Lair:5   | 14007 ||| INVOKING Heroism.
 14010 | Lair:5   | 14010 ||| INVOKING Finesse.
 14018 | Lair:5   | Reached skill level 9 in Dodging
 14226 | Lair:5   | 14226 ||| INVOKING Heroism.
 14227 | Lair:5   | 14227 ||| INVOKING Finesse.
 14356 | Lair:5   | 14356 ||| INVOKING Heroism.
 14411 | Lair:5   | 14411 ||| Stepping ~*~*~tactically~*~*~ (outnumbered).
 14413 | Lair:5   | 14413 ||| INVOKING Heroism.
 14414 | Lair:5   | 14414 ||| INVOKING Finesse.
 14415 | Lair:5   | 14415 ||| Stepping ~*~*~tactically~*~*~ (outnumbered).
 14445 | Lair:5   | 14445 ||| INVOKING Heroism.
 14483 | Lair:5   | Reached skill level 18 in Ranged Weapons
 14485 | Lair:5   | Found a large runed translucent door.
 14485 | Lair:5   | Found a large runed translucent door.
 14506 | Lair:5   | 14506 ||| Stepping ~*~*~tactically~*~*~ (outnumbered).
 14512 | Lair:5   | 14512 ||| INVOKING Heroism.
 14520 | Lair:5   | 14520 ||| FLEEEEING.
 14944 | Lair:5   | Reached skill level 12 in Fighting
 15318 | Lair:5   | 15318 ||| PLANNING D
 15318 | Lair:5   | 15318 ||| UPGRADING to amulet of the acrobat.
 15804 | D:12     | Identified the +4 arbalest of Urchiokk {freeze, *Corrode
                  | Dex+2 SInv} (Okawaru gifted it to you on level 12 of the
                  | Dungeon)
 15804 | D:12     | Received a gift from Okawaru
 15810 | D:12     | 15810 ||| INVOKING Heroism.
 15811 | D:12     | 15811 ||| INVOKING Finesse.
 15920 | D:12     | Found a runed translucent door.
 15920 | D:12     | Found a runed translucent door.
 15923 | D:12     | Found a runed translucent door.
 15936 | D:12     | 15936 ||| INVOKING Heroism.
 15937 | D:12     | 15937 ||| INVOKING Finesse.
 15961 | D:12     | Reached skill level 19 in Ranged Weapons
 15961 | D:12     | Reached XP level 15. HP: 96/96 MP: 15/22
 15968 | D:12     | 15968 ||| INVOKING Heroism.
 16029 | D:12     | 16029 ||| DROPPING +0 orcbow.
 16076 | D:12     | 16076 ||| Stepping ~*~*~tactically~*~*~ (outnumbered).
 16078 | D:12     | 16078 ||| Stepping ~*~*~tactically~*~*~ (outnumbered).
 16116 | D:12     | Found a portal to a secret trove of treasure.
 16135 | D:12     | Noticed Sonja
 16136 | D:12     | 16136 ||| INVOKING Heroism.
 16146 | D:12     | Killed Sonja
 16231 | D:12     | Noticed Josephine
 16246 | D:12     | Killed Josephine
 16330 | D:12     | 16330 ||| INVOKING Heroism.
 16345 | D:12     | Found the amulet of Vitality {RegenMP++ Regen++}
 16649 | D:12     | 16649 ||| UPGRADING to amulet of Vitality {RegenMP++
                  | Regen++}.
 16710 | D:13     | 16710 ||| Stepping ~*~*~tactically~*~*~ (outnumbered).
 16713 | D:13     | 16713 ||| Stepping ~*~*~tactically~*~*~ (outnumbered).
 16715 | D:13     | 16715 ||| Stepping ~*~*~tactically~*~*~ (outnumbered).
 16716 | D:13     | 16716 ||| Stepping ~*~*~tactically~*~*~ (outnumbered).
 16717 | D:13     | 16717 ||| Stepping ~*~*~tactically~*~*~ (outnumbered).
 16719 | D:13     | 16719 ||| Stepping ~*~*~tactically~*~*~ (outnumbered).
 16721 | D:13     | Identified the +5 chain mail of Peek-a-Boo {rN+ MP+9 Dex+2}
                  | (Okawaru gifted it to you on level 13 of the Dungeon)
 16721 | D:13     | Received a gift from Okawaru
 16734 | D:13     | 16734 ||| DROPPING +0 arbalest.
 16759 | D:13     | 16759 ||| Stepping ~*~*~tactically~*~*~ (outnumbered).
 16921 | D:13     | Noticed Frances
 16922 | D:13     | 16922 ||| INVOKING Heroism.
 16923 | D:13     | 16923 ||| INVOKING Finesse.
 16933 | D:13     | Killed Frances
 16995 | D:13     | Noticed Erolcha
 16999 | D:13     | Killed Erolcha
 17079 | D:13     | 17079 ||| INVOKING Heroism.
 17112 | D:13     | 17112 ||| INVOKING Heroism.
 17153 | D:13     | Found a gate to the Vaults.
 17372 | D:14     | Found an iron altar of Okawaru.
 17502 | D:14     | Found an iron altar of Okawaru.
 17634 | D:14     | Reached skill level 20 in Ranged Weapons
 17642 | D:14     | 17642 ||| INVOKING Heroism.
 17643 | D:14     | 17643 ||| Stepping ~*~*~tactically~*~*~ (outnumbered).
 17644 | D:14     | 17644 ||| Stepping ~*~*~tactically~*~*~ (outnumbered).
 17647 | D:14     | 17647 ||| Stepping ~*~*~tactically~*~*~ (outnumbered).
 17714 | D:14     | Found a runed translucent gate.
 17714 | D:14     | Found a runed translucent gate.
 17714 | D:14     | Found a runed translucent gate.
 17717 | D:14     | 17717 ||| INVOKING Heroism.
 17730 | D:14     | Noticed a fire giant
 17732 | D:14     | Noticed Sagy's ghost (journeyman GrFi)
 17732 | D:14     | Found the +10 morningstar "Eos" {elec, Halo rElec}
 17733 | D:14     | Found an iron altar of Okawaru.
 17797 | D:14     | Reached skill level 6 in Armour
 17936 | D:14     | 17936 ||| INVOKING Heroism.
 17937 | D:14     | 17937 ||| INVOKING Finesse.
 18177 | D:15     | Entered Level 15 of the Dungeon
 18213 | D:15     | 18213 ||| INVOKING Heroism.
 18245 | D:15     | Found a staircase to the Depths.
 18309 | D:15     | Found a shimmering blue altar of Sif Muna.
 18309 | D:15     | Noticed Nessos
 18310 | D:15     | 18310 ||| INVOKING Finesse.
 18315 | D:15     | Killed Nessos
 18316 | D:15     | Reached XP level 16. HP: 99/104 MP: 20/23
 18396 | D:15     | 18396 ||| INVOKING Heroism.
 18788 | D:15     | 18788 ||| PLANNING ORC
 18906 | Orc:1    | Entered Level 1 of the Orcish Mines
 18906 | Orc:1    | Found Berphoff's General Store.
 19031 | Orc:1    | 19031 ||| INVOKING Heroism.
 19206 | Orc:2    | Entered Level 2 of the Orcish Mines
 19220 | Orc:2    | 19220 ||| Stepping ~*~*~tactically~*~*~ (outnumbered).
 19247 | Orc:2    | 19247 ||| INVOKING Heroism.
 19289 | Orc:2    | Found a staircase to the Elven Halls.
 19391 | Orc:2    | 19391 ||| INVOKING Heroism.
 19435 | Orc:2    | 19435 ||| Stepping ~*~*~tactically~*~*~ (outnumbered).
 19456 | Orc:2    | 19456 ||| Stepping ~*~*~tactically~*~*~ (outnumbered).
 19456 | Orc:2    | Found Hedaq's Antique Armour Shop.
 19456 | Orc:2    | Found Veilik's Book Shoppe.
 19460 | Orc:2    | 19460 ||| Stepping ~*~*~tactically~*~*~ (outnumbered).
 19461 | Orc:2    | 19461 ||| Stepping ~*~*~tactically~*~*~ (outnumbered).
 19462 | Orc:2    | 19462 ||| Stepping ~*~*~tactically~*~*~ (outnumbered).
 19465 | Orc:2    | 19465 ||| BUYING pair of gloves (135 gold).
 19465 | Orc:2    | Bought a pair of gloves for 135 gold pieces
 19472 | Orc:2    | 19472 ||| INVOKING Heroism.
 19473 | Orc:2    | 19473 ||| Stepping ~*~*~tactically~*~*~ (outnumbered).
 19475 | Orc:2    | 19475 ||| Stepping ~*~*~tactically~*~*~ (outnumbered).
 19480 | Orc:2    | Received a gift from Okawaru
 19483 | Orc:2    | 19483 ||| Stepping ~*~*~tactically~*~*~ (outnumbered).
 19553 | Orc:2    | 19553 ||| INVOKING Heroism.
 19575 | Orc:2    | Found Iqaigal's Book Shop.
 19575 | Orc:2    | Found Nysan's Armour Shoppe.
 19619 | Orc:2    | 19619 ||| UPGRADING to +0 pair of gloves.
 19624 | Orc:2    | 19624 ||| READING scroll of enchant armour.
 19624 | Orc:2    | 19624 ||| ENCHANTING +0 pair of gloves.
 19640 | Orc:1    | Identified the +5 orcbow "Cesutaakk" {drain, Fragile rF++
                  | rC+++ Stlth+} (Okawaru gifted it to you on level 1 of the
                  | Orcish Mines)
 19640 | Orc:1    | Received a gift from Okawaru
 19641 | Orc:1    | 19641 ||| INVOKING Heroism.
 20072 | Orc:2    | 20072 ||| PLANNING SPIDER:1-3
 20168 | Spider:1 | Entered Level 1 of the Spider Nest
 20224 | Spider:1 | 20224 ||| INVOKING Heroism.
 20401 | Spider:1 | 20401 ||| INVOKING Heroism.
 20403 | Spider:1 | 20403 ||| Stepping ~*~*~tactically~*~*~ (outnumbered).
 20414 | Spider:1 | Reached skill level 15 in Fighting
 20437 | Spider:1 | 20437 ||| INVOKING Heroism.
 20573 | Spider:2 | 20573 ||| INVOKING Heroism.
 20609 | Spider:2 | Identified the +2 spear of the Supporting Seer {antimagic,
                  | rCorr Int+4 Dex-5}
 20686 | Spider:2 | 20686 ||| INVOKING Heroism.
 20721 | Spider:2 | Reached skill level 12 in Dodging
 20722 | Spider:2 | 20722 ||| INVOKING Heroism.
 20775 | Spider:2 | 20775 ||| INVOKING Heroism.
 21123 | Spider:3 | 21123 ||| INVOKING Heroism.
 21241 | Spider:3 | 21241 ||| INVOKING Finesse.
 21252 | Spider:3 | Reached XP level 17. HP: 113/113 MP: 24/24
 21300 | Spider:3 | 21300 ||| INVOKING Finesse.
 21454 | Spider:3 | 21454 ||| INVOKING Finesse.
 21456 | Spider:3 | 21456 ||| DRINKING 3 potions of cancellation.
 21760 | Spider:3 | 21760 ||| INVOKING Heroism.
 21777 | Spider:3 | 21777 ||| PLANNING SWAMP:1-3
 21975 | Swamp:1  | Entered Level 1 of the Swamp
 22007 | Swamp:1  | 22007 ||| INVOKING Heroism.
 22065 | Swamp:1  | Noticed a tentacled monstrosity
 22066 | Swamp:1  | 22066 ||| INVOKING Heroism.
 22074 | Swamp:1  | Killed a tentacled monstrosity
 22115 | Swamp:1  | 22115 ||| INVOKING Heroism.
 22185 | Swamp:1  | 22185 ||| READING scroll of enchant armour.
 22185 | Swamp:1  | 22185 ||| ENCHANTING +1 pair of gloves.
 22288 | Swamp:1  | 22288 ||| INVOKING Heroism.
 22327 | Swamp:1  | 22327 ||| INVOKING Heroism.
 22362 | Swamp:1  | 22362 ||| Stepping ~*~*~tactically~*~*~ (outnumbered).
 22363 | Swamp:1  | Received a gift from Okawaru
 22372 | Swamp:1  | Reached skill level 9 in Armour
 22387 | Swamp:1  | 22387 ||| INVOKING Heroism.
 22388 | Swamp:1  | 22388 ||| Stepping ~*~*~tactically~*~*~ (outnumbered).
 22391 | Swamp:1  | 22391 ||| Stepping ~*~*~tactically~*~*~ (outnumbered).
 22673 | Swamp:2  | Received a gift from Okawaru
 22737 | Swamp:2  | 22737 ||| INVOKING Heroism.
 22772 | Swamp:2  | 22772 ||| INVOKING Heroism.
 23024 | Swamp:2  | 23024 ||| DROPPING +1 pair of boots.
 23025 | Swamp:2  | 23025 ||| DROPPING ring of ice.
 23056 | Swamp:3  | 23056 ||| INVOKING Heroism.
 23190 | Swamp:3  | Noticed Bai Suzhen
 23191 | Swamp:3  | 23191 ||| INVOKING Heroism.
 23206 | Swamp:3  | Killed Bai Suzhen
 23207 | Swamp:3  | 23207 ||| Stepping ~*~*~tactically~*~*~ (cloud).
 23289 | Swamp:3  | Identified the +1 long sword of Xoto {freeze, *Corrode
                  | rPois SInv}
 23297 | Swamp:3  | Identified the +8 war axe "Killer Klown's Doom" {spect,
                  | Drain +Blink rPois Stlth+}
 23316 | Swamp:3  | 23316 ||| INVOKING Heroism.
 23346 | Swamp:3  | Identified the +2 robe "Menayz" {rElec rF+++ Str-2 Int-5}
 23384 | Swamp:3  | Identified the +1 scale mail of the Shrike {rElec rF+
                  | Slay+5}
 23587 | Swamp:4  | Entered Level 4 of the Swamp
 23639 | Swamp:4  | 23639 ||| INVOKING Heroism.
 23665 | Swamp:4  | 23665 ||| Stepping ~*~*~tactically~*~*~ (outnumbered).
 23701 | Swamp:4  | 23701 ||| INVOKING Heroism.
 23723 | Swamp:4  | 23723 ||| Stepping ~*~*~tactically~*~*~ (outnumbered).
 23733 | Swamp:4  | Reached XP level 18. HP: 70/123 MP: 25/25
 23735 | Swamp:4  | Noticed the 27-headed Lernaean hydra
 23746 | Swamp:4  | Killed the 27-headed Lernaean hydra
 23759 | Swamp:4  | 23759 ||| INVOKING Heroism.
 23863 | Swamp:4  | 23863 ||| INVOKING Heroism.
 23864 | Swamp:4  | 23864 ||| Stepping ~*~*~tactically~*~*~ (outnumbered).
 23866 | Swamp:4  | 23866 ||| Stepping ~*~*~tactically~*~*~ (outnumbered).
 23868 | Swamp:4  | 23868 ||| Stepping ~*~*~tactically~*~*~ (outnumbered).
 23870 | Swamp:4  | 23870 ||| Stepping ~*~*~tactically~*~*~ (outnumbered).
 23872 | Swamp:4  | 23872 ||| Stepping ~*~*~tactically~*~*~ (outnumbered).
 23874 | Swamp:4  | 23874 ||| Stepping ~*~*~tactically~*~*~ (outnumbered).
 23876 | Swamp:4  | 23876 ||| Stepping ~*~*~tactically~*~*~ (outnumbered).
 23878 | Swamp:4  | 23878 ||| Stepping ~*~*~tactically~*~*~ (outnumbered).
 23880 | Swamp:4  | 23880 ||| Stepping ~*~*~tactically~*~*~ (outnumbered).
 23882 | Swamp:4  | 23882 ||| Stepping ~*~*~tactically~*~*~ (outnumbered).
 23884 | Swamp:4  | 23884 ||| Stepping ~*~*~tactically~*~*~ (outnumbered).
 23886 | Swamp:4  | 23886 ||| Stepping ~*~*~tactically~*~*~ (outnumbered).
 23888 | Swamp:4  | 23888 ||| Stepping ~*~*~tactically~*~*~ (outnumbered).
 23890 | Swamp:4  | 23890 ||| Stepping ~*~*~tactically~*~*~ (outnumbered).
 23897 | Swamp:4  | Reached skill level 18 in Fighting
 23930 | Swamp:4  | 23930 ||| INVOKING Heroism.
 23991 | Swamp:3  | 23991 ||| INVOKING Heroism.
 23996 | Swamp:3  | Identified the +1 hand axe of the Sheltering Oracle {heavy,
                  | rPois}
 24041 | Swamp:3  | 24041 ||| PLANNING SPIDER:4
 24244 | Spider:4 | Entered Level 4 of the Spider Nest
 24244 | Spider:4 | Noticed Roxanne
 24244 | Spider:4 | Found the brooch of Shielding {Spirit SH+8}
 24245 | Spider:4 | 24245 ||| INVOKING Heroism.
 24259 | Spider:4 | Noticed Arachne
 24276 | Spider:4 | 24276 ||| DRINKING 17 potions of curing.
 24276 | Spider:4 | 24276 ||| (to cure confusion)
 24278 | Spider:4 | 24278 ||| STAIRDANCE
 24285 | Spider:3 | Killed Arachne
 24290 | Spider:3 | 24290 ||| DRINKING 16 potions of curing.
 24290 | Spider:3 | 24290 ||| (to cure confusion)
 24299 | Spider:3 | 24299 ||| INVOKING Heroism.
 24342 | Spider:4 | 24342 ||| STAIRDANCE
 24357 | Spider:4 | 24357 ||| INVOKING Finesse.
 24372 | Spider:4 | 24372 ||| INVOKING Heroism.
 24377 | Spider:4 | Killed Roxanne
 24417 | Spider:4 | Reached skill level 15 in Dodging
 24418 | Spider:4 | 24418 ||| Stepping ~*~*~tactically~*~*~ (outnumbered).
 24419 | Spider:4 | 24419 ||| Stepping ~*~*~tactically~*~*~ (outnumbered).
 24438 | Spider:4 | 24438 ||| INVOKING Finesse.
 24489 | Spider:4 | 24489 ||| INVOKING Heroism.
 24545 | Spider:4 | 24545 ||| INVOKING Heroism.
 24603 | Spider:4 | Noticed Louise
 24606 | Spider:4 | 24606 ||| Stepping ~*~*~tactically~*~*~ (outnumbered).
 24634 | Spider:4 | Killed Louise
 24709 | Spider:4 | 24709 ||| INVOKING Finesse.
 24722 | Spider:4 | 24722 ||| INVOKING Heroism.
 24751 | Spider:4 | Identified the +2 hat of Patterns {*Slow rC- rCorr Str+9}
 24778 | Spider:4 | 24778 ||| INVOKING Finesse.
 24882 | Spider:4 | 24882 ||| INVOKING Heroism.
 24917 | Spider:4 | Identified the +1 hat "Townamai" {Dex+3}
 24982 | Spider:4 | Got a gossamer rune of Zot
 25050 | Spider:4 | 25050 ||| INVOKING Finesse.
 25059 | Spider:4 | Reached XP level 19. HP: 132/132 MP: 24/26
 25184 | Spider:4 | 25184 ||| PLANNING VAULTS:1-4
 25184 | Spider:4 | 25184 ||| UPGRADING to scarf of repulsion.
 25194 | Spider:4 | 25194 ||| UPGRADING to scarf of resistance.
 25204 | Spider:4 | 25204 ||| DROPPING scarf of repulsion.
 25205 | Spider:4 | 25205 ||| UPGRADING to +1 hat "Townamai" {Dex+3}.
 25215 | Spider:4 | 25215 ||| DROPPING +2 helmet.
 25216 | Spider:4 | 25216 ||| DROPPING amulet of guardian spirit.
 25217 | Spider:4 | 25217 ||| DROPPING amulet of the acrobat.
 25218 | Spider:4 | 25218 ||| DROPPING +6 ring of intelligence.
 25422 | Vaults:1 | Entered Level 1 of the Vaults
 25488 | Vaults:1 | 25488 ||| INVOKING Finesse.
 25544 | Vaults:1 | 25544 ||| FLEEEEING.
 25566 | Vaults:1 | Noticed Nikola
 25567 | Vaults:1 | 25567 ||| INVOKING Heroism.
 25575 | Vaults:1 | Killed Nikola
 25625 | Vaults:1 | Noticed Zenata
 25626 | Vaults:1 | 25626 ||| INVOKING Heroism.
 25627 | Vaults:1 | 25627 ||| Stepping ~*~*~tactically~*~*~ (outnumbered).
 25632 | Vaults:1 | 25632 ||| Stepping ~*~*~tactically~*~*~ (outnumbered).
 25648 | Vaults:1 | HP: 16/132 [Zenata/a resonance strike (23)]
 25649 | Vaults:1 | 25649 ||| READING 7 scrolls of teleportation.
 25649 | Vaults:1 | Killed from afar by Zenata

Levels and vault maps discovered:
D:1:      dpeg_arrival_tiny_a, layout_basic, serial_shops, shop, shop, shop,
          nicolae_shop_window_shopping, nicolae_shop_behind_doors,
          dreamdust_ecumenical_altar_angels_and_demons
D:2:      layout_basic
D:3:      layout_loops_corners, vehumet_crystals, dancing_weapons_uskayaw,
          mainiacjoe_overflow_alcove_4, serial_shops, nicolae_diamond_shop,
          roderic_lattice_a, minmay_misc_feat_roman, kennysheep_generic_room_6
D:4:      layout_cave_pods
D:5:      layout_cave_pools, trog_three_pillars_becter, portal_sewer_entry_d,
          corner_web_ring, uniq_blork_the_orc
D:6:      layout_gridville, minmay_temple_entry_glass, enter_ossuary_3,
          nicolae_shop_vocational
D:7:      lemuel_slime, layout_rooms, nicolae_dithmenos_the_darkroom,
          enter_bailey_6, minmay_misc_feat_x, hangedman_abyss_or_decor_passed,
          uniq_pikel
D:8:      layout_loops_ring, marbit_many_paths, makhleb_blood_cavern_becter,
          grunt_decor_clamped, roderic_roman_lattice
D:9:      layout_rooms, pdpol_temple_overflow_zin_treasury_gozag_greed,
          nicolae_overflow_hidden_temple, gammafunk_ghost_berserking_beasts,
          abandoned_shop
D:10:     layout_irregular_city, nicolae_straight_to_the_point
D:11:     layout_small_grid, due_lair_maze_entry_diamond,
          onia_ninara_dug_in_and_dangerous
D:12:     minmay_the_grid_triangle_9x9_recursive_3_mashed
          [minmay_the_grid_triangle_9x9_limited_checkers,
          minmay_the_grid_triangle_9x9_windchime,
          minmay_the_grid_triangle_9x9_subtriangle,
          minmay_the_grid_triangle_9x9_prize_center,
          minmay_the_grid_triangle_9x9_shrine,
          minmay_the_grid_triangle_9x9_sprig,
          minmay_the_grid_triangle_9x9_tough_junction,
          minmay_the_grid_triangle_9x9_descending_squares,
          minmay_the_grid_triangle_9x9_from_above], layout_gridville,
          nicolae_trove_entry_isolated,
          hellmonk_guarded_unrand_vitality_bloodlust, uniq_sonja, uniq_josephine
D:13:     layout_long_grid, grunt_vaults_entry_fortified, kennysheep_nub,
          uniq_frances, uniq_erolcha
D:14:     minmay_skewed_foursquare, layout_irregular_city, lemuel_round_altar,
          gammafunk_ghost_fury_of_okawaru, okawaru_metal_pillars_1_2
D:15:     gammafunk_depths_entry_grave, layout_basic, lemuel_tele_altar,
          uniq_nessos
Temple:   hellmonk_temple_micro_hex
Lair:1:   layout_misc_corridors, minmay_shattered_shrine, serial_bayou_shore_a,
          grunt_megastairs_1
Lair:2:   layout_long_grid, nicolae_spider_entry_orb_guardian, serial_forest,
          infiniplex_forest_lined_1, infiniplex_forest_clump_small,
          infiniplex_forest_zigzag_1, infiniplex_forest_zigzag_1,
          infiniplex_forest_lined_3, infiniplex_forest_lined_room_2,
          maelrawn_ghost_gauntlet_escape
Lair:3:   layout_hall_layers, nicolae_swamp_entry_splash_gauntlet,
          lightli_volcano_entry_magma_tube, nicolae_quartered_pool_little,
          uniq_nergalle
Lair:4:   layout_cave_pods, slime_entry_1, chequers_serial_rivers_marsh,
          dreamdust_deal_with_the_devil, beast_lair_carwin_1,
          serial_bayou_shore_b, uniq_rupert
Lair:5:   cheibrodos_lair_end_hotspot, layout_long_grid, minmay_lair_drake_nest
Swamp:1:  layout_falls_marsh, nicolae_swamp_orc_logging_accident,
          infiniplex_staircase_pool
Swamp:2:  layout_falls_marsh, nicolae_swamp_trees_clearing
Swamp:3:  nicolae_swamp_secret_spriggan_hideout, layout_basic_swamp,
          nicolae_swamp_some_circles, uniq_bai_suzhen
Swamp:4:  grunt_swamp_rune_castle, layout_basic_swamp
Spider:1: layout_spider_delve, special_room [special_room_bee]
Spider:2: layout_spider_delve
Spider:3: layout_spider_delve
Spider:4: guppyfry_spider_rune, uniq_arachne, uniq_louise, uniq_roxanne
Orc:1:    layout_caves, serial_shops, shop
Orc:2:    st_orc_town, layout_diamond_mine
Vaults:1: nicolae_vaults_windows_and_doors_thing, nicolae_vaults_house_1,
          vaults_dpeg_encased_lava, nicolae_vaults_storing_the_good_stuff,
          nicolae_vaults_tetromino_L_1, layout_vaults_omnigrid, uniq_nikola,
          uniq_zenata

Skill      XL: |  1  2  3  4  5  6  7  8  9 10 11 12 13 14 15 16 17 18 |
---------------+-------------------------------------------------------+-----
Ranged Weapons | 5 6 7 8 9 10 12 13 14 17 19 20 | 20.0
Armour         | 1 2 3 5 6 8 9 10 | 10.0
Fighting       | 3 4 5 6 8 9 10 11 12 13 15 17 19 | 19.0
Dodging        | 2 3 4 5 7 8 9 10 12 14 15 | 15.6
Invocations    | 3 4 6 10 | 10.0
Stealth        | |  1.1

Action                     |  1- 3 |  4- 6 |  7- 9 | 10-12 | 13-15 | 16-18 | 19-21 || total
---------------------------+-------+-------+-------+-------+-------+-------+-------++-------
   Fire: Shortbow          |   119 |   135 |   277 |       |       |       |       ||   531
         Arbalest          |       |       |    97 |   118 |       |       |       ||   215
         Longbow           |       |       |       |   245 |   913 |  1416 |    63 ||  2637
 Invoke: Heroism           |       |       |     4 |    24 |    31 |    40 |     2 ||   101
         Finesse           |       |       |       |     1 |    11 |     8 |     1 ||    21
    Use: Scroll            |     7 |     6 |    14 |     5 |     3 |     2 |     1 ||    38
         Potion            |       |     1 |     4 |     3 |     2 |     3 |       ||    13
 Armour: Leather armour    |     7 |       |       |    31 |    88 |   265 |    20 ||   411
         Ring mail         |    21 |    18 |   144 |     1 |       |       |       ||   184
         Acid dragon scale |       |       |       |    11 |       |       |       ||    11
  Dodge: Dodged            |    32 |    39 |   182 |   154 |   296 |  1399 |    75 ||  2177

Table legend:
 A = Non-vault XP
 B = Vault XP
 C = Vault XP percentage of total XP
 D = Non-vault monster count
 E = Vault monster count
 F = Vault count percentage of total count
                 A         B        C        D         E       F
            +---------+---------+-------+---------+---------+-------
      Total |  200420 |  125393 |  38.5 |     709 |     385 |  35.2
            +---------+---------+-------+---------+---------+-------
        D:1 |      48 |       0 |   0.0 |      28 |       0 |   0.0
        D:2 |      23 |       0 |   0.0 |      12 |       0 |   0.0
        D:3 |      57 |       5 |   8.1 |      11 |       2 |  15.4
        D:4 |     135 |       0 |   0.0 |      16 |       0 |   0.0
        D:5 |     633 |     104 |  14.1 |      17 |       2 |  10.5
        D:6 |     829 |       0 |   0.0 |      18 |       0 |   0.0
        D:7 |     911 |    1517 |  62.5 |       7 |      20 |  74.1
        D:8 |    1796 |     276 |  13.3 |      12 |       1 |   7.7
        D:9 |    2373 |       0 |   0.0 |      23 |       0 |   0.0
       D:10 |    2457 |       0 |   0.0 |       6 |       0 |   0.0
       D:11 |    5036 |    1313 |  20.7 |      21 |      10 |  32.3
       D:12 |    5177 |   14283 |  73.4 |      27 |      26 |  49.1
       D:13 |    7012 |    8959 |  56.1 |      21 |      12 |  36.4
       D:14 |    8220 |    2907 |  26.1 |      18 |       5 |  21.7
       D:15 |    8152 |    6217 |  43.3 |      20 |       9 |  31.0
     Lair:1 |    3680 |    7211 |  66.2 |      18 |      25 |  58.1
     Lair:2 |    5657 |     630 |  10.0 |      27 |       1 |   3.6
     Lair:3 |    5694 |    4169 |  42.3 |      20 |       7 |  25.9
     Lair:4 |    3102 |    4006 |  56.4 |      15 |       7 |  31.8
     Lair:5 |   14031 |    9383 |  40.1 |      42 |      31 |  42.5
    Swamp:1 |   23182 |       0 |   0.0 |      38 |       0 |   0.0
    Swamp:2 |    9958 |       0 |   0.0 |      20 |       0 |   0.0
    Swamp:3 |    7019 |    9436 |  57.3 |      18 |      15 |  45.5
    Swamp:4 |    4894 |   20482 |  80.7 |      10 |      30 |  75.0
   Spider:1 |    4644 |    2475 |  34.8 |      11 |      25 |  69.4
   Spider:2 |   17980 |       0 |   0.0 |      44 |       0 |   0.0
   Spider:3 |   21936 |    2058 |   8.6 |      53 |       1 |   1.9
   Spider:4 |   22787 |   19975 |  46.7 |      53 |      32 |  37.6
      Orc:1 |    3552 |       0 |   0.0 |      42 |       0 |   0.0
      Orc:2 |    2994 |    6648 |  68.9 |      29 |      63 |  68.5
   Vaults:1 |    6451 |    2279 |  26.1 |      12 |       1 |   7.7
      Sewer |       0 |     113 | 100.0 |       0 |      36 | 100.0
    Ossuary |       0 |     947 | 100.0 |       0 |      24 | 100.0
            +---------+---------+-------+---------+---------+-------
